 Dungeon Crawl Stone Soup version 0.31-a0-1169-gd935f9fcdc (webtiles) character file.

Game seed: 5685353181354482188

1885 Baz the Ruffian (level 8, -1/64 HPs)
             Began as a Demonspawn Gladiator on Dec 10, 2023.
             Killed by vampiric draining
             ... invoked by a vampire
              (14 damage)
             ... on level 7 of the Dungeon.
             The game lasted 00:12:32 (5505 turns).

Baz the Ruffian (Demonspawn Gladiator)              Turns: 5505, Time: 00:12:33

Health: -1/64      AC: 10    Str: 17    XL:     8   Next: 92%
Magic:  8/8        EV: 13    Int:  8    God:
Gold:   361        SH:  4    Dex: 15    Spells: 2/7 levels left

rFire   . .          .
                       - Unarmed
rCold   . . .        (no shield)
rNeg    . . .        w - +0 ring mail
rPois   .            b - +0 helmet
rElec   .            (no cloak)
rCorr   +            (no gloves)
SInv    .            (no boots)
Will    .....        (no amulet)
Stlth   +            i - +4 ring of protection
HPRegen 0.30/turn    u - ring of resist corrosion
MPRegen 0.22/turn

%: no passive effects
@: lethally poisoned (-1 -> -12)
A: hooves 2, magic regeneration, condensation shield
a: no special abilities


You were on level 7 of the Dungeon.
You visited 2 branches of the dungeon, and saw 8 of its levels.

You collected 361 gold pieces.

Inventory:

Missiles
 c - 3 throwing nets (quivered)
 d - a javelin
Armour
 a - a +0 leather armour
 b - a +0 helmet (worn)
 w - a +0 ring mail (worn)
Jewellery
 i - a +4 ring of protection (left hand)
 u - a ring of resist corrosion (right hand)
 y - a ring of wizardry
Wands
 f - a wand of digging (4)
 q - a wand of roots (10)
 s - a wand of quicksilver (9)
 t - a wand of paralysis (8)
Scrolls
 e - 3 scrolls of enchant weapon
 g - 6 scrolls of teleportation {unknown}
 j - 2 scrolls of blinking
 k - 2 scrolls of enchant armour
 n - 2 scrolls of poison
 p - 2 scrolls of fog
Potions
 h - a potion of might
 l - a potion of cancellation
 m - 2 potions of curing {unknown}
 o - a potion of attraction {unknown}
 r - a potion of magic {unknown}
 v - a potion of berserk rage {unknown}
 x - a potion of ambrosia {unknown}


   Skills:
 + Level 5.7 Fighting
 - Level 1.7 Throwing
 - Level 1.4 Armour
 + Level 5.6 Dodging
 + Level 6.8 Unarmed Combat
 * Level 4.8 Hexes


You had 2 spell levels left.
You knew the following spells:

 Your Spells              Type           Power      Damage    Failure   Level
a - Wereblood             Tmut           0%         N/A       75%         2
b - Confusing Touch       Hex            7%         N/A       32%         3

Your spell library contained the following spells:

 Spells                   Type           Power      Damage    Failure   Level
 Kiss of Death            Conj/Necr      0%         2d5       61%         1
 Magic Dart               Conj           0%         1d3       61%         1
 Call Imp                 Summ           0%         N/A       75%         2
 Sublimation of Blood     Necr           0%         N/A       75%         2
 Mephitic Cloud           Conj/Pois/Air  0%         N/A       93%         3
 Dispel Undead            Necr           0%         3d6       100%        4
 Irradiate                Conj/Tmut      0%         3d11      100%        5
 Summon Forest            Summ/Tloc      0%         N/A       100%        5
 Summon Mana Viper        Hex/Summ       3%         N/A       100%        5
 Summon Cactus Giant      Summ           0%         N/A       100%        6
 Summon Hydra             Summ           0%         N/A       100%        7


Dungeon Overview and Level Annotations

Branches:
Dungeon (7/15) Zot: 24370  Temple (1/1) D:4 Zot: 5967

Altars:
Dithmenos
Fedhas
Gozag
Hepliaklqana
Nemelex Xobeh
Sif Muna
Vehumet
Wu Jian

Shops:
D:5 [

Annotations:
D:6 Prince Ribbit


Innate Abilities, Weirdness & Mutations

You have hoof-like feet.
You regenerate magic rapidly.
A meltable shield of frost defends you. (SH +4)


Message History

The vampire is severely damaged.
The scorpion stings you but does no damage.
The vampire casts a spell.
The vampire flickers and vanishes!
Deactivating autopickup; reactivate with Ctrl-A.
You hit something. The scorpion stings you. You block something's attack.
Something bites you.
Something draws strength from your injuries!
You miss something. You kick something. You block the scorpion's attack.
You hear some strange, mumbled words.
Something tries to affect you, but you resist.
You closely miss something. Your kick misses something.
The scorpion barely misses you. Something completely misses you.
Something bites you!
Something draws strength from your injuries!
You hit something. Your kick misses something. You block the scorpion's attack.
The scorpion misses you.
You miss something. Your kick misses something. Your punch misses something.
Something hits you but does no damage. Something barely misses you.
The scorpion misses you.
You closely miss something. Your kick misses something. Something hits you.
Something bites you!
Something draws strength from your injuries!
The scorpion closely misses you.
You miss something. Your kick misses something. Your punch misses something.
Something hits you.
* * * LOW HITPOINT WARNING * * *
Something bites you but does no damage.
A kobold zombie comes into view.
The scorpion stings you but does no damage.
You closely miss something. Your kick misses something. Something hits you.
* * * LOW HITPOINT WARNING * * *
Something bites you but does no damage.
The scorpion stings you but does no damage.
It was a potion of cancellation.
You feel magically purged. The scorpion stings you.
* * * LOW HITPOINT WARNING * * *
You are poisoned.
The scorpion poisons you! Something draws life force from you!
You die...

# ###..# #.# . #.## >.
#...###.## <. ..#
.#....... ###.
#..#..#####.#. ..$.
#...# #.##
.Z###+###..# ###
#{......#..#
#@....###..##
##s..##.##..####
##'###.###'###....###
................)..##.
)s.#####.....#..##....
###.....####..#
####.....#..#
##.......# ###.....#


You could see a scorpion and a kobold zombie.

Vanquished Creatures
  Maggie (D:6)
  Sigmund (D:6)
  Menkaure (D:6)
  2 water moccasins (D:6)
  A black bear (D:5)
  3 ogres
  A bullfrog (D:6)
  2 scorpions (D:5)
  3 hounds
  2 jellies
  2 orc priests (D:5)
  4 iguanas
  2 orc wizards
  3 gnolls
  8 adders
  A shadow imp (D:6)
  A white imp (D:7)
  2 ufetubi (D:6)
  3 worms
  3 dart slugs
  10 orcs
  8 endoplasms
  3 giant cockroaches
  4 goblins
  A hobgoblin (D:3)
  2 quokkas
  9 ball pythons
  2 bats
  4 frilled lizards
  A hobgoblin zombie (D:7)
  8 kobolds
  8 rats
106 creatures vanquished.

Notes
Turn   | Place    | Note
-------+----------+-------------------------------------------
     0 | D:1      | Baz the Demonspawn Gladiator began the quest for the Orb.
     0 | D:1      | Reached XP level 1. HP: 16/16 MP: 1/1
   217 | D:1      | Gained mutation: You have large cloven feet. [demonic
                  | ancestry]
   217 | D:1      | Reached XP level 2. HP: 22/22 MP: 2/2
   342 | D:1      | Reached skill level 3 in Unarmed Combat
   602 | D:2      | Reached XP level 3. HP: 28/28 MP: 3/3
   836 | D:2      | Reached skill level 1 in Armour
  1294 | D:2      | Gained mutation: A meltable shield of frost defends you.
                  | (SH +4) [demonic ancestry]
  1294 | D:2      | Reached XP level 4. HP: 34/34 MP: 4/4
  1986 | D:3      | Learned a level 2 spell: Wereblood
  2298 | D:3      | Gained mutation: You regenerate magic rapidly. [demonic
                  | ancestry]
  2298 | D:3      | Reached XP level 5. HP: 14/40 MP: 5/5
  2421 | D:3      | Reached skill level 4 in Unarmed Combat
  2615 | D:4      | You fall into a shaft and drop 3 floors!
  2730 | D:7      | Noticed an orc warrior
  2747 | D:6      | Found an opulent altar of Gozag.
  2783 | D:6      | Gained mutation: You have hoof-like feet. [demonic
                  | ancestry]
  2783 | D:6      | Reached XP level 6. HP: 46/47 MP: 6/6
  2826 | D:5      | Entered Level 5 of the Dungeon
  2924 | D:4      | Reached skill level 5 in Unarmed Combat
  2998 | D:4      | Found a staircase to the Ecumenical Temple.
  3014 | Temple   | Entered the Ecumenical Temple
  3554 | D:4      | Found a shimmering blue altar of Sif Muna.
  3776 | D:5      | Reached XP level 7. HP: 54/54 MP: 7/7
  3939 | D:5      | Noticed a steam dragon
  4086 | D:5      | Found Reboram's Antique Armour Shoppe.
  4100 | D:5      | Learned a level 3 spell: Confusing Touch
  4322 | D:6      | Reached skill level 6 in Unarmed Combat
  4322 | D:6      | Reached skill level 1 in Hexes
  4415 | D:6      | Reached XP level 8. HP: 20/61 MP: 8/8
  4617 | D:6      | Noticed Sigmund
  4651 | D:6      | Reached skill level 5 in Fighting
  4651 | D:6      | Reached skill level 5 in Dodging
  4658 | D:6      | Killed Sigmund
  4959 | D:6      | Noticed Menkaure
  4970 | D:6      | Killed Menkaure
  5126 | D:6      | Noticed Maggie
  5221 | D:6      | Killed Maggie
  5345 | D:6      | Noticed Prince Ribbit
  5505 | D:7      | Killed from afar by a vampire

Illustrated notes

Levels and vault maps discovered:
D:1:      minmay_arrival_cross, layout_rooms
D:2:      minmay_door_path, layout_loops_corners
D:3:      layout_rooms
D:4:      nicolae_BIG_FREAKIN_CUBE, layout_basic, lemuel_round_altar
D:5:      layout_cave_pools, serial_shops, shop
D:6:      layout_cave_pods, mainiacjoe_overflow_chevrons, uniq_sigmund,
          uniq_menkaure, uniq_grinder, uniq_maggie, uniq_prince_ribbit1
D:7:      layout_rooms, grunt_temple_overflow_diamond, serial_shops,
          nicolae_shop_overgrown_old_shop, nicolae_ossuary_entry_giza,
          chequers_serial_rivers_small_b, due_unseen_surprise, uniq_duvessa
Temple:   nicolae_temple_bog_church

Skill      XL: |  1  2  3  4  5  6  7  8 |
---------------+-------------------------+-----
Unarmed Combat | 3 4 5 6 |  6.8
Dodging        | 3 4 5 |  5.6
Armour         | 1 |  1.4
Fighting       | 3 4 5 |  5.7
Hexes          | 2 4 |  4.8
Throwing       | |  1.7

Action                     |  1- 3 |  4- 6 |  7- 9 || total
---------------------------+-------+-------+-------++-------
  Melee: Unarmed           |   105 |   176 |   145 ||   426
         Punch             |     3 |     7 |     8 ||    18
         Kick              |    12 |    46 |    38 ||    96
  Evoke: Wand              |       |       |     2 ||     2
    Use: Potion            |       |     1 |     2 ||     3
         Scroll            |       |     9 |       ||     9
 Armour: Leather armour    |    48 |    80 |    16 ||   144
         Ring mail         |       |       |    78 ||    78
  Dodge: Dodged            |    54 |    93 |    81 ||   228
  Block: Other             |       |    19 |    28 ||    47

Table legend: (Time is in decaauts)
 A = Elapsed time spent in this place.
 B = Non-inter-level travel time spent in this place.
 C = Inter-level travel time spent in this place.
 D = Time resting spent in this place.
 E = Time spent auto-exploring this place.
 F = Levels seen in this place.
 G = Mean time per level.
                   A        B        C        D        E       F      G
               +--------+--------+--------+--------+--------+-----+--------+
         Total |   5473 |   5239 |    234 |    848 |   3070 |   8 |  684.1 |
       Dungeon |   5440 |   5206 |    234 |    848 |   3070 |   7 |  777.1 |
        Temple |     32 |     32 |      0 |      0 |      0 |   1 |   32.0 |
               +--------+--------+--------+--------+--------+-----+--------+

Top non-repeatable levels by time:
     D:6: 1187 daAuts
     D:2: 1170 daAuts
     D:4: 965 daAuts
     D:3: 881 daAuts
     D:5: 581 daAuts
     D:1: 440 daAuts
     D:7: 213 daAuts
  Temple: 32 daAuts
